 Dungeon Crawl Stone Soup version 0.27-a0-906-g0a00ce863d (webtiles) character file.

Game seed: 17490640122509220279

149 Lanoc the Sneak (level 5, -7/25 HPs)
             Began as a Spriggan Enchanter on Apr 6, 2021.
             Was a Follower of Jiyva.
             Killed from afar by a white imp (9 damage)
             ... with a puff of frost
             ... on level 5 of the Dungeon.
             The game lasted 00:04:33 (2026 turns).

Lanoc the Sneak (Spriggan Enchanter)                Turns: 2026, Time: 00:04:34

Health: -7/25      AC:  2    Str:  6    XL:     5   Next: 9%
Magic:  9/10       EV: 18    Int: 16    God:    Jiyva [*.....]
Gold:   101        SH:  0    Dex: 15    Spells: 3/9 levels left

rFire    + . .     SeeInvis +   a - +2 short sword (venom)
rCold    . . .     Faith    +   (shield restricted)
rNeg     . . .     Spirit   .   b - +0 robe
rPois    .         Reflect  .   (helmet restricted)
rElec    .         Harm     .   (no cloak)
rCorr    .         Rampage  .   (gloves unavailable)
Will     .....     Clarity  +   (boots unavailable)
Stlth    +++.......             i - amulet of faith
HPRegen  0.08/turn              (no ring)
MPRegen  0.12/turn              (no ring)

@: flying, very quick
A: very small, no large weapons, unfitting armour, see invisible, speed 3,
clarity, fire resistance 1, subdued magic 1
a: Renounce Religion, Request Jelly


You were on level 5 of the Dungeon.
You worshipped Jiyva.
Jiyva was aware of your devotion.
You visited 1 branch of the dungeon, and saw 5 of its levels.

You collected 101 gold pieces.

Inventory:

Hand Weapons
 a - a +2 short sword of venom (weapon)
Missiles
 g - 7 curare-tipped darts
Armour
 b - a +0 robe (worn)
Jewellery
 i - an amulet of faith (around neck)
 j - an amulet of the acrobat
Scrolls
 d - 2 scrolls of teleportation {unknown}
 e - a scroll of silence {unknown}
Potions
 h - a potion of heal wounds {unknown}
 k - a potion of attraction {unknown}
 l - a potion of curing {unknown}


   Skills:
 + Level 1.4 Fighting
 - Level 1.1 Short Blades
 + Level 4.0 Dodging
 * Level 6.6 Stealth
 - Level 2.6 Spellcasting
 + Level 4.5 Hexes


You had 3 spell levels left.
You knew the following spells:

 Your Spells              Type           Power      Damage    Failure   Level
a - Corona                Hex            13%        N/A       2%          1
b - Ensorcelled Hibernat  Hex/Ice        14%        N/A       10%         2
c - Tukima's Dance        Hex            12%        N/A       7%          3

Your spell library contained the following spells:

 Spells                   Type           Power      Damage    Failure   Level
 Confusing Touch          Hex            12%        N/A       7%          3
 Animate Skeleton         Necr           2%         N/A       16%         1
 Apportation              Tloc           2%         N/A       16%         1
 Summon Small Mammal      Summ           4%         N/A       16%         1
 Dazzling Flash           Conj/Hex       14%        N/A       19%         3


Dungeon Overview and Level Annotations

Branches:
Dungeon (6/15)
 Temple: D:4-7

Altars:
Jiyva

Shops:
D:3 (


Innate Abilities, Weirdness & Mutations

You are very small and have problems with some larger weapons.
You are too small for most types of armour.
You have supernaturally acute eyesight. (SInv)
You cover ground extremely quickly. (Speed+++)
You possess an exceptional clarity of mind.
Your flesh is heat resistant. (rF+)
Your spells are a little easier to cast, but a little less powerful.


Message History

Aiming: Ensorcelled Hibernation (safe; 13% risk of failure)
Press: ? - help, Shift-Dir - straight line, f - iguana
Aim: an iguana (chance to affect: 49%)
The iguana looks drowsy...
The helpless iguana fails to defend itself.
You puncture the iguana!
The iguana is poisoned.
The iguana is heavily wounded.
The iguana closely misses you.
You barely miss the iguana.
The iguana is almost dead.
You kill the iguana!
Your Dodging skill increases to level 4!
You have reached level 5!
You feel clever.
A white imp comes into view.
The white imp shouts, "Escape, thou twisted hedge-born measle!"
Casting: Ensorcelled Hibernation (safe; 12% risk of failure)
Confirm with . or Enter, or press ? or * to list all spells.
You can't see any susceptible monsters within range! (Use Z to cast anyway.)
The white imp misses you.
You barely miss the white imp. The white imp closely misses you.
You closely miss the white imp. The white imp completely misses you.
You hit the white imp.
The white imp is lightly wounded.
The white imp gestures at you. The puff of frost hits you!
You barely miss the white imp.
The white imp is lightly wounded.
The white imp gestures at you. The puff of frost hits you!
* * * LOW HITPOINT WARNING * * *
It was a potion of flight.
You feel very buoyant.
You fly up into the air.
The white imp barely misses you.
It was a potion of mutation.
You feel extremely strange.
Your thoughts seem clearer.
Your connection to magic feels subdued.
You feel resistant to heat. The white imp gestures at you.
The puff of frost hits you!
You die...

################
#..............#
#>.........@5..#
#..............#
#..............#
#..............+
#..............#
#..............#
#.......##.....#
#.......##.....#
#.......# ......


You could see a white imp.

Vanquished Creatures
  An ogre (D:2)
  An iguana (D:5)
  Terence (D:2)
  A gnoll (D:1)
  2 adders
  2 worms (D:2)
  3 giant cockroaches
  4 goblins
  2 hobgoblins
  3 kobolds
  A quokka (D:2)
  6 ball pythons
  3 bats
  A frilled lizard (D:1)
  5 rats
36 creatures vanquished.

Vanquished Creatures (others)
  A jelly (D:2)
  A dart slug (D:1)
  3 bats
  A goblin (D:1)
  2 hobgoblins (D:3)
  A kobold (D:1)
9 creatures vanquished.

Grand Total: 45 creatures vanquished

Notes
Turn   | Place    | Note
-------+----------+-------------------------------------------
     0 | D:1      | Lanoc the Spriggan Enchanter began the quest for the Orb.
     0 | D:1      | Reached XP level 1. HP: 9/9 MP: 5/5
   143 | D:1      | Found a faded altar of an unknown god.
   149 | D:1      | Became a worshipper of Jiyva Jeimoaso the Shapeless
   149 | D:1      | Reached * piety under Jiyva
   205 | D:1      | Reached skill level 5 in Stealth
   205 | D:1      | Reached XP level 2. HP: 14/14 MP: 6/6
   208 | D:1      | Learned a level 2 spell: Ensorcelled Hibernation
   941 | D:2      | Noticed an ogre
   948 | D:2      | Killed an ogre
   949 | D:2      | Reached skill level 1 in Fighting
   949 | D:2      | Reached XP level 3. HP: 18/18 MP: 2/8
  1206 | D:2      | Noticed Terence
  1263 | D:2      | Killed Terence
  1264 | D:2      | Reached skill level 6 in Stealth
  1264 | D:2      | Reached XP level 4. HP: 22/22 MP: 1/9
  1567 | D:2      | Learned a level 3 spell: Tukima's Dance
  1917 | D:3      | Found Deplitar's Antique Weapon Shop.
  1973 | D:3      | You fall into a shaft and drop 3 floors!
  1983 | D:6      | Noticed an orc warrior
  1996 | D:5      | Entered Level 5 of the Dungeon
  2013 | D:5      | Reached XP level 5. HP: 20/25 MP: 7/10
  2026 | D:5      | Gained mutation: You possess an exceptional clarity of
                  | mind. [potion of mutation]
  2026 | D:5      | Gained mutation: Your spells are a little easier to cast,
                  | but a little less powerful. [potion of mutation]
  2026 | D:5      | Gained mutation: Your flesh is heat resistant. (rF+)
                  | [potion of mutation]
  2026 | D:5      | Killed from afar by a white imp

Illustrated notes

Levels and vault maps discovered:
D:1:      dpeg_arrival_erosion, layout_loops_cross, basic_ecumenical_altar,
          minmay_tripent
D:2:      kennysheep_six_static_rooms, layout_basic, grunt_decor_resistance,
          uniq_terence
D:3:      layout_rooms, serial_shops, shop_fountains
D:5:      layout_gridville, serial_shops, shop
D:6:      layout_loops_ring, nicolae_hepliaklqana_ecumenical_no_more,
          grunt_temple_overflow_open, hangedman_abyss_or_decor_jellyfish_corner,
          uniq_menkaure, uniq_duvessa

Skill      XL: |  1  2  3  4 |
---------------+-------------+-----
Dodging        | 3 4 |  4.0
Stealth        | 5 6 |  6.6
Fighting       | 1 |  1.4
Hexes          | 4 |  4.5
Short Blades   | |  1.1
Spellcasting   | |  2.6

Action                   |  1- 3 |  4- 6 || total
-------------------------+-------+-------++-------
Melee: Dagger            |    10 |       ||    10
       Short sword       |    36 |    26 ||    62
 Cast: Ensorcelled Hiber |    10 |     3 ||    13
  Use: Potion            |       |     2 ||     2
 Stab: Sleeping          |     9 |     7 ||    16
Armor: Robe              |     5 |     4 ||     9
Dodge: Dodged            |    26 |    28 ||    54

Table legend: (Time is in decaauts)
 A = Elapsed time spent in this place.
 B = Non-inter-level travel time spent in this place.
 C = Inter-level travel time spent in this place.
 D = Time resting spent in this place.
 E = Time spent auto-exploring this place.
 F = Levels seen in this place.
 G = Mean time per level.
                   A        B        C        D        E       F      G
               +--------+--------+--------+--------+--------+-----+--------+
         Total |   1473 |   1451 |     22 |      0 |   1162 |   5 |  294.6 |
       Dungeon |   1473 |   1451 |     22 |      0 |   1162 |   5 |  294.6 |
               +--------+--------+--------+--------+--------+-----+--------+

Top non-repeatable levels by time:
     D:2: 640 daAuts
     D:1: 523 daAuts
     D:3: 272 daAuts
     D:5: 22 daAuts
     D:6: 14 daAuts
